 Dungeon Crawl Stone Soup version 0.23.2-1-ga50397a6bc (webtiles) character file.

Game seed: 6732661728174134907

65076 Revguard the Severer (level 14, -6/124 HPs)
             Began as a Minotaur Fighter on May 7, 2019.
             Was a High Priest of Makhleb.
             Hit by a large rock thrown by a stone giant (24 damage)
             ... on level 2 of the Orcish Mines.
             The game lasted 00:56:26 (17287 turns).

Revguard the Severer (Minotaur Fighter)            Turns: 17287, Time: 00:56:26

Health: -6/124     AC: 16    Str: 23    XL:     14   Next: 74%
Magic:  17/17      EV: 13    Int:  8    God:    Makhleb [*****.]
Gold:   384        SH: 14    Dex: 19    Spells: 13/13 levels left

rFire    + + .     SeeInvis +   a - +3 war axe (flame)
rCold    . . .     Gourm    .   c - +1 shield
rNeg     . . .     Faith    .   d - +0 storm dragon scales of Uczexa {*Drain rElec rF+ rCorr Int+3}
rPois    .         Spirit   .   (helmet restricted)
rElec    +         Reflect  .   o - +0 cloak
rCorr    +         Harm     .   (no gloves)
MR       +....                  A - -2 pair of boots of the Earth {+Blink rCorr Dex+4}
Stlth    ..........             (no amulet)
HPRegen  0.30/turn              R - ring of see invisible
MPRegen  0.15/turn              B - ring of protection from fire

@: very slightly contaminated, studying Slings
A: retaliatory headbutt, horns 2, agile 1, low mp 1
a: Minor Destruction, Lesser Servant of Makhleb, Major Destruction, Greater
Servant of Makhleb, Renounce Religion, Evoke Blink


You were on level 2 of the Orcish Mines.
You worshipped Makhleb.
Makhleb was extremely pleased with you.
You were hungry.

You visited 3 branches of the dungeon, and saw 18 of its levels.
You also visited: Sewer and Bailey.

You collected 1829 gold pieces.
You spent 1445 gold pieces at shops.

Inventory:

Hand Weapons
 a - a +3 war axe of flaming (weapon)
 e - a +1 hand axe of chopping
Armour
 c - a +1 shield (worn)
 d - the +0 storm dragon scales of Uczexa (worn) {*Drain rElec rF+ rCorr Int+3}
   (You bought it in a shop on level 2 of the Orcish Mines)

   It affects your intelligence (+3).
   It protects you from fire.
   It insulates you from electricity.
   It provides partial protection from all sources of acid and corrosion.
   It causes draining when unequipped.
 o - a +0 cloak (worn)
 A - the -2 pair of boots of the Earth (worn) {+Blink rCorr Dex+4}
   (You found it on level 6 of the Dungeon)

   It affects your dexterity (+4).
   It lets you blink.
   It provides partial protection from all sources of acid and corrosion.
 M - a +3 plate armour of cold resistance
 N - a +1 pair of boots
Jewellery
 b - an uncursed amulet of the acrobat
 r - an uncursed ring of wizardry
 B - a ring of protection from fire (right hand)
 I - a +1 ring of evasion
 R - a ring of see invisible (left hand)
Wands
 j - a wand of paralysis (29)
 p - a wand of disintegration (11)
 y - a wand of digging (4)
 H - a wand of random effects (40)
 Q - a wand of clouds (5)
Scrolls
 i - 2 scrolls of magic mapping
 s - 3 scrolls of fear
 v - 3 scrolls of teleportation
 x - 6 scrolls of remove curse
 D - 5 scrolls of amnesia
 E - 2 scrolls of immolation
 F - a scroll of blinking
 J - a scroll of torment
 L - a scroll of silence
 U - a scroll of identify
Potions
 g - 3 potions of flight
 h - 5 potions of ambrosia
 k - 5 potions of haste
 m - 10 potions of curing
 n - 2 potions of lignification
 q - 2 potions of heal wounds
 t - 3 potions of agility
 w - a potion of berserk rage
 C - 2 potions of brilliance
 G - 3 potions of magic
 P - a potion of mutation
Books
 u - a manual of Slings
Miscellaneous
 S - a lightning rod (3/4)
Comestibles
 f - 30 rations


   Skills:
 + Level 11.4 Fighting
 + Level 15.4 Axes
 + Level 12.6 Armour
 + Level 8.2 Dodging
 + Level 12.0 Shields
 * Level 9.3 Invocations
 * Level 8.9 Evocations


You had 13 spell levels left.
You didn't know any spells.
Your spell library contained the following spells:

 Spells                   Type           Power        Failure   Level  Hunger
 Flame Tongue             Conj/Fire      #....        97%         1    ##.....
 Magic Dart               Conj           #...         97%         1    ##.....
 Blink                    Tloc           N/A          99%         2    ###....
 Call Imp                 Summ           #.......     99%         2    ###....
 Poisonous Vapours        Pois/Air       #.....       99%         2    ###....
 Searing Ray              Conj           #.....       99%         2    ###....
 Slow                     Hex            #.......     99%         2    ###....
 Throw Flame              Conj/Fire      #.....       99%         2    ###....
 Conjure Flame            Conj/Fire      #.......     100%        3    ####...
 Dazzling Spray           Conj/Hex       #.....       100%        3    ####...
 Inner Flame              Hex/Fire       #.......     100%        3    ####...
 Mephitic Cloud           Conj/Pois/Air  #.......     100%        3    ####...
 Force Lance              Conj/Tloc      #.......     100%        4    #####..
 Fulminant Prism          Conj/Hex       #.........   100%        4    #####..
 Iskenderun's Mystic Bla  Conj           #.......     100%        4    #####..
 Sticky Flame             Conj/Fire      #.......     100%        4    #####..
 Fireball                 Conj/Fire      #.........   100%        5    ######.
 Freezing Cloud           Conj/Ice/Air   #.........   100%        6    #######
 Ring of Flames           Chrm/Fire      #.........   100%        7    #######


Dungeon Overview and Level Annotations

Branches:
Dungeon (15/15)            Temple (1/1) D:5            Lair (0/6) D:10
    Orc (2/2) D:9             Elf (0/3) Orc:2        Vaults (0/5) D:14
 Depths (0/5) D:15

Altars:
Ashenzari
Cheibriados
Dithmenos
Elyvilon
Fedhas
Gozag
Hepliaklqana
Kikubaaqudgha
Makhleb
Nemelex Xobeh
Okawaru
Qazlal
Ru
Sif Muna
Trog
Uskayaw
Vehumet
Wu Jian
Xom
Yredelemnul
Zin
The Shining One
Beogh

Shops:
D:4 =   D:5 =   D:8 %   D:15 =   Orc:2 *[(

Annotations:
D:5 2 runed translucent doors, fairgil's ghost, novice MiFi
Orc:2 Saint Roka


Innate Abilities, Weirdness & Mutations

You reflexively headbutt those who attack you in melee.
You have a pair of horns on your head.
You are agile. (Dex +2)
Your magical capacity is low. (-10% MP)


Message History

The stone giant is struck by lightning.
The stone giant throws a large rock.
The large rock hits you!!
* * * LOW HITPOINT WARNING * * *
You hear a shout! x2
You feel much better.
The stone giant is struck by lightning.
You hear a shout! x5
Press: ? - help, Shift-Dir - straight line, f/p - stone giant
Aim: a stone giant (thunder, moderately wounded)
You hear a mighty clap of thunder!
The bolt of lightning hits the stone giant but does no damage.
The stone giant is moderately wounded.
You hear a shout!
The stone giant is struck by lightning.
Evoke which item? (* to show all) (? for menu, Esc to quit)
Aiming: Disintegrate
Press: ? - help, Shift-Dir - straight line, f/p - stone giant
Aim: a stone giant (thunder, moderately wounded, chance to defeat MR: 46%)
The stone giant resists with some effort.
The stone giant throws a large rock.
The large rock hits you!!
You die...

...............##.).........#
..........................#.
..... ......#...C.....#..#
..... .....#.§§.#....##..#+
..... ..#..§§##.....C....
..... . ##.§###....##....
##C##....#.# ... #§###.......
.. #@# ###.#.#.... #.#
####..o.. #.# ...o. #.# ....
#.# .. ###


You could see a stone giant.

Vanquished Creatures
  Kirke (D:15)
  An orc warlord (Orc:2)
  A stone giant (Orc:2)
  A hydra (D:14)
  Harold (D:8)
  An ice dragon (D:15)
  A death knight (D:14)
  An ogre mage (D:15)
  8 two-headed ogres
  2 orc high priests (Orc:2)
  Sonja (D:13)
  3 skeletal warriors (D:13)
  4 unseen horrors
  A wizard (D:14)
  Pikel (D:4)
  2 orc knights
  9 ugly things
  An orc sorcerer (Orc:2)
  2 manticores (D:13)
  4 cyclopes
  3 centaur zombies
  Joseph (D:7)
  Psyche (D:8)
  A spiny frog (shapeshifter) (D:14)
  3 kobold demonologists (D:13)
  A gargoyle (D:15)
  2 komodo dragons
  2 tengu conjurers (D:15)
  A jumping spider (shapeshifter) (D:13)
  8 trolls
  Prince Ribbit (D:6)
  2 hornets
  8 slime creatures
  4 hippogriffs
  A centaur simulacrum (D:14)
  2 vampires
  Sigmund (D:2)
  2 shadows
  3 wraiths (D:10)
  A human (D:13)
  2 wyverns
  15 yaks
  4 hogs (D:15)
  A basilisk (D:14)
  12 vampire mosquitoes
  Grum (D:11)
  2 steam dragons
  An acid dragon (D:11)
  3 wargs (Orc:2)
  Duvessa (D:6)
  A soldier ant (D:14)
  3 porcupines (D:10)
  7 ice beasts
  2 sky beasts
  A hornet zombie (D:13)
  27 orc warriors
  A slave (D:4)
  3 phantoms
  14 ogres
  3 necrophages
  3 wolves (D:11)
  17 centaurs
  3 crocodiles (D:10)
  6 big kobolds
  6 bullfrogs
  A wyvern zombie (D:13)
  A gnoll sergeant (D:7)
  Dowan (D:6)
  6 scorpions
  10 killer bees
  7 howler monkeys
  An electric eel (D:14)
  6 crimson imps
  Crazy Yiuf (D:2)
  6 hounds
  26 orc wizards
  A bullfrog skeleton (D:7)
  2 bullfrog zombies
  5 centaur skeletons
  15 orc priests
  6 jellies
  4 iguanas
  10 worker ants
  A killer bee zombie (D:7)
  3 hound skeletons
  2 worker ant zombies
  Robin (D:2)
  17 adders
  22 gnolls
  10 shadow imps
  An ooze (Sewer)
  3 adder skeletons
  An adder zombie (D:10)
  3 worms
  3 dart slugs
  3 leopard geckos
  99 orcs
  3 ball pythons
  5 giant cockroaches
  13 goblins
  18 hobgoblins
  10 jackals
  3 quokkas
  5 bats
  7 frilled lizards
  49 kobolds
  8 rats
  A plant (D:10)
633 creatures vanquished.

Vanquished Creatures (collateral kills)
  Nessos (D:15)
  A fire dragon (D:15)
  A centaur warrior (D:13)
  An unseen horror (D:14)
  A deep elf mage (D:13)
  An orc warrior (Orc:2)
  A big kobold (D:13)
  2 orcs (Orc:2)
  2 kobolds (D:13)
11 creatures vanquished.

Vanquished Creatures (others)
  A human (D:15)
  A shadow (D:15)
  An orc wizard (D:4)
  An orc (D:4)
  A fungus (D:10)
  A plant (D:10)
6 creatures vanquished.

Grand Total: 650 creatures vanquished

Notes
Turn   | Place    | Note
-------+----------+-------------------------------------------
     0 | D:1      | Revguard the Minotaur Fighter began the quest for the Orb.
     0 | D:1      | Reached XP level 1. HP: 19/19 MP: 0/0
   190 | D:1      | Found a snail-covered altar of Cheibriados.
   309 | D:1      | Reached XP level 2. HP: 27/27 MP: 1/1
  1016 | D:2      | Noticed Robin
  1023 | D:2      | Reached XP level 3. HP: 27/33 MP: 2/2
  1025 | D:2      | Reached skill level 3 in Axes
  1036 | D:2      | Killed Robin
  1364 | D:2      | Noticed Sigmund
  1373 | D:2      | Killed Sigmund
  1373 | D:2      | Reached skill level 4 in Axes
  1373 | D:2      | Reached XP level 4. HP: 31/41 MP: 3/3
  1373 | D:2      | Reached XP level 5. HP: 36/47 MP: 4/4
  1665 | D:2      | Found a runed translucent door.
  1666 | D:2      | Noticed Crazy Yiuf
  1967 | D:2      | Killed Crazy Yiuf
  1967 | D:2      | Reached skill level 5 in Armour
  2060 | D:3      | Reached skill level 5 in Axes
  2079 | D:3      | Found a glowing drain.
  2105 | D:3      | Reached XP level 6. HP: 46/53 MP: 5/5
  2117 | Sewer    | Entered a sewer
  2386 | Sewer    | Reached skill level 1 in Dodging
  2401 | Sewer    | Reached skill level 5 in Shields
  2541 | D:3      | Reached skill level 5 in Fighting
  2655 | D:3      | Found a hazy altar of Hepliaklqana.
  3294 | D:4      | Reached skill level 6 in Axes
  3294 | D:4      | Reached XP level 7. HP: 55/61 MP: 6/6
  3373 | D:4      | Noticed Pikel
  3393 | D:4      | Killed Pikel
  3393 | D:4      | Reached skill level 7 in Axes
  3393 | D:4      | Reached XP level 8. HP: 34/69 MP: 6/8
  3767 | D:4      | Found a sparkling altar of Nemelex Xobeh.
  3839 | D:4      | Found Qophyggeavu's Jewellery Boutique.
  4097 | D:5      | Entered Level 5 of the Dungeon
  4105 | D:5      | Got a thick robe
  4118 | D:5      | Identified the +2 robe "Heteh" {Int+5} (You found it on
                  | level 5 of the Dungeon)
  4141 | D:5      | Found a stormy altar of Qazlal.
  4203 | D:5      | Found a staircase to the Ecumenical Temple.
  4205 | D:5      | Noticed a troll
  4208 | Temple   | Entered the Ecumenical Temple
  4335 | Temple   | Became a worshipper of Makhleb the Destroyer
  4354 | D:5      | Killed a troll
  4873 | D:5      | Found a large runed translucent door.
  4873 | D:5      | Found a large runed translucent door.
  4873 | D:5      | Noticed fairgil's ghost (novice MiFi)
  5083 | D:5      | Found Penlaq's Jewellery Shoppe.
  5358 | D:6      | Got a pair of ichor-stained boots
  5364 | D:6      | Identified the -2 pair of boots of the Earth {+Blink rCorr
                  | Dex+4} (You found it on level 6 of the Dungeon)
  5494 | D:6      | Reached skill level 8 in Axes
  5494 | D:6      | Reached skill level 1 in Invocations
  5535 | D:6      | Reached * piety under Makhleb
  5605 | D:6      | Noticed Duvessa
  5608 | D:6      | Noticed Dowan
  5619 | D:6      | Killed Duvessa
  5619 | D:6      | Reached XP level 9. HP: 76/78 MP: 10/10
  5626 | D:6      | Killed Dowan
  5820 | D:6      | Noticed Prince Ribbit
  5833 | D:6      | Killed Prince Ribbit
  6252 | D:7      | Lost intelligence.
  6272 | D:7      | Noticed Joseph
  6307 | D:7      | Killed Joseph
  6307 | D:7      | Reached skill level 9 in Axes
  6357 | D:7      | Reached ** piety under Makhleb
  6974 | D:7      | Reached XP level 10. HP: 63/86 MP: 12/12
  7022 | D:7      | Found a deep blue altar of Sif Muna.
  7423 | D:8      | Noticed Harold
  7438 | D:8      | Killed Harold
  7438 | D:8      | Reached skill level 5 in Evocations
  7455 | D:8      | Noticed Psyche
  7462 | D:8      | Reached skill level 10 in Axes
  7465 | D:8      | Killed Psyche
  7497 | D:8      | Reached *** piety under Makhleb
  7729 | D:8      | Found Kuag's Food Emporium.
  7972 | D:8      | Found an ornate altar of the Wu Jian Council.
  8243 | D:9      | Found a staircase to the Orcish Mines.
  8489 | D:9      | Found a shadowy altar of Dithmenos.
  8489 | D:9      | Found a glowing golden altar of the Shining One.
  8494 | D:9      | Found a faded altar of an unknown god.
  8496 | D:9      | Found a faded altar of an unknown god.
  8497 | D:9      | Found a glowing silver altar of Zin.
  8620 | D:10     | Entered Level 10 of the Dungeon
  8683 | D:10     | Reached skill level 11 in Axes
  8686 | D:10     | Reached skill level 5 in Invocations
  8693 | D:10     | Reached XP level 11. HP: 87/93 MP: 14/14
  8753 | D:10     | Reached **** piety under Makhleb
  8969 | D:10     | Found a flagged portal.
  8999 | Bailey   | Entered a bailey
  9057 | Bailey   | Noticed an orc knight
  9094 | Bailey   | Gained mutation: Your magical capacity is low. (-10% MP)
                  | [potion of mutation]
  9094 | Bailey   | Gained mutation: You are agile. (Dex +2) [potion of
                  | mutation]
  9094 | Bailey   | Gained mutation: You evolve. [potion of mutation]
  9094 | Bailey   | Gained mutation: You are very agile. (Dex +4) [potion of
                  | mutation]
  9140 | Bailey   | Reached ***** piety under Makhleb
  9141 | Bailey   | Killed an orc knight
  9266 | Bailey   | Reached XP level 12. HP: 100/102 MP: 13/13
  9732 | D:10     | Found a staircase to the Lair.
 10437 | D:11     | Noticed Grum
 10446 | D:11     | Killed Grum
 10446 | D:11     | Reached skill level 12 in Axes
 10833 | D:11     | Lost mutation: You are very agile. (Dex +4) [evolution]
 10833 | D:11     | Lost mutation: You evolve. [end of evolution]
 10858 | D:11     | Noticed a two-headed ogre
 10868 | D:11     | Killed a two-headed ogre
 11315 | D:12     | Reached skill level 10 in Shields
 11394 | D:12     | Noticed a two-headed ogre
 11405 | D:12     | Killed a two-headed ogre
 11405 | D:12     | Reached XP level 13. HP: 89/110 MP: 15/15
 11531 | D:12     | Reached skill level 13 in Axes
 12143 | D:13     | Noticed Sonja
 12156 | D:13     | Killed Sonja
 12156 | D:13     | Reached ****** piety under Makhleb
 12297 | D:13     | Reached skill level 10 in Fighting
 13711 | D:14     | Reached skill level 14 in Axes
 14320 | D:14     | Found a gate to the Vaults.
 14330 | D:14     | Reached XP level 14. HP: 122/122 MP: 17/17
 14607 | D:15     | Entered Level 15 of the Dungeon
 14641 | D:15     | Noticed Nessos
 14743 | D:15     | Killed Nessos
 14820 | D:15     | Noticed Kirke
 14845 | D:15     | Killed Kirke
 14929 | D:15     | Found Iqoyramuts's Jewellery Shoppe.
 14991 | D:15     | Reached skill level 15 in Axes
 15314 | D:15     | Found a staircase to the Depths.
 15684 | Orc:1    | Entered Level 1 of the Orcish Mines
 15723 | Orc:1    | Found a roughly hewn altar of Beogh.
 16129 | Orc:2    | Entered Level 2 of the Orcish Mines
 16129 | Orc:2    | Found a staircase to the Elven Halls.
 16256 | Orc:2    | Found a roughly hewn altar of Beogh.
 16270 | Orc:2    | Found Fynec's Assorted Antiques.
 16277 | Orc:2    | Noticed Saint Roka
 16640 | Orc:2    | Noticed a stone giant
 16666 | Orc:2    | Killed a stone giant
 16668 | Orc:2    | Found a roughly hewn altar of Beogh.
 16918 | Orc:2    | Found a roughly hewn altar of Beogh.
 16993 | Orc:2    | Noticed an orc warlord
 17015 | Orc:2    | Killed an orc warlord
 17020 | Orc:2    | Found Ixyr's Antique Weapon Shoppe.
 17020 | Orc:2    | Found a roughly hewn altar of Beogh.
 17023 | Orc:2    | Found Panwet's Antique Armour Emporium.
 17034 | Orc:2    | Bought distressingly furry storm dragon scales for 1445
                  | gold pieces
 17045 | Orc:2    | Identified the cursed +0 storm dragon scales of Uczexa
                  | {*Drain rElec rF+ rCorr Int+3} (You bought it in a shop on
                  | level 2 of the Orcish Mines)
 17273 | Orc:2    | Noticed a stone giant
 17284 | Orc:2    | HP: 3/124 [stone giant/large rock (29)]
 17287 | Orc:2    | Hit by a large rock thrown by a stone giant

Skill      XL: |  1  2  3  4  5  6  7  8  9 10 11 12 13 14 |
---------------+-------------------------------------------+-----
Fighting       | 4 5 6 7 8 9 10 11 | 11.4
Shields        | 4 5 6 7 8 9 10 11 12 | 12.0
Armour         | 4 5 6 7 8 9 11 12 | 12.6
Axes           | 4 5 6 7 8 9 11 12 14 15 | 15.4
Dodging        | 1 2 8 |  8.2
Evocations     | 2 3 4 5 6 7 8 |  8.9
Invocations    | 1 3 5 6 8 9 |  9.3

Action                   |  1- 3 |  4- 6 |  7- 9 | 10-12 | 13-15 || total
-------------------------+-------+-------+-------+-------+-------++-------
Melee: War axe           |    19 |       |       |   430 |   689 ||  1138
       Headbutt          |    12 |    20 |    73 |   158 |   197 ||   460
       Hand axe          |    56 |   133 |   309 |   144 |       ||   642
Invok: Lesser Servant of |       |       |       |       |    16 ||    16
       Minor Destruction |       |       |       |       |     1 ||     1
       Major Destruction |       |       |       |       |     4 ||     4
       Greater Servant o |       |       |       |       |     1 ||     1
 Abil: Evoke Blink       |       |       |     1 |       |       ||     1
Evoke: Wand              |       |       |       |     5 |    21 ||    26
       Lightning rod     |       |       |       |       |     1 ||     1
  Use: Potion            |     4 |     2 |     3 |     4 |    12 ||    25
       Scroll            |     2 |     5 |     8 |     9 |    13 ||    37
 Stab: Distracted        |       |       |       |       |     5 ||     5
       Paralysed         |       |       |       |       |     1 ||     1
       Confused          |       |       |       |       |     2 ||     2
       Invisible         |       |       |       |       |     1 ||     1
  Eat: Chunk             |     1 |     7 |    11 |    12 |    12 ||    43
       Ration            |       |       |       |     1 |     2 ||     3
Armor: Skin              |     8 |       |       |       |       ||     8
       Scale mail        |    27 |    43 |       |       |       ||    70
       Chain mail        |       |     9 |   113 |       |       ||   122
       Plate armour      |       |       |     2 |   256 |   197 ||   455
       Storm dragon scal |       |       |       |       |     2 ||     2
Dodge: Dodged            |    17 |    29 |    83 |   169 |   239 ||   537
Block: Shield            |    26 |    65 |   194 |   384 |   456 ||  1125
